 Dungeon Sprint DCSS version 0.20-a0-11-ga97c7b5 (webtiles) character file.

648 poirepourri the Martial Artist (level 7, -1/43 HPs)
             Began as an Octopode Transmuter on Nov 2, 2016.
             Was an Initiate of Okawaru.
             Slain by Sonja
             ... wielding a +0 short sword of venom
              (3 damage)
             ... in the Dungeon (Sprint I: "Red Sonja").
             The game lasted 00:01:39 (1297 turns).

poirepourri the Martial Artist (OpTm)               Turns: 1297, Time: 00:01:39

Health: -1/43      AC:  1    Str: 10    XL:     7   Next: 53%
Magic:  9/17       EV: 16    Int: 15    God:    Okawaru [......]
Gold:   430        SH:  0    Dex: 14    Spells: 5 memorised, 4 levels left

rFire  . . .     SeeInvis .       - Unarmed
rCold  . . .     Gourm    .     (shield currently unavailable)
rNeg   . . .     Faith    .     (helmet restricted)
rPois  .         Spirit   .     (no amulet)
rElec  .         Reflect  .     (no ring)
rCorr  .         Harm     .     (no ring)
MR     .....     NoTele   +     (no ring)
Stlth  ++++......               (no ring)
                                (no ring)
                                (no ring)
                                (no ring)
                                (no ring)

@: lethally poisoned (-1 -> -39), blade tentacles, slowed, very slow
A: almost no armour, stealthy swim, amphibious, 8 rings, constrict 8, camouflage
1, gelatinous body 1
a: End Transformation, Renounce Religion


You were in the Dungeon.
You worshipped Okawaru.
Okawaru was noncommittal.
You were not hungry.
You had blades for tentacles.
You visited 1 branch You collected 430 gold pieces.

Inventory:

Missiles
 a - 6 arrows
Scrolls
 i - a scroll of blinking
Potions
 d - a potion of curing
 e - a potion of heal wounds
 f - a potion of haste
 g - 2 potions of magic
 h - a potion of berserk rage
Books
 b - a book of Changes

   Spells                             Type                      Level
   a - Beastly Appendage              Transmutation                1
   b - Sticks to Snakes               Transmutation                2
   c - Spider Form                    Transmutation/Poison         3
   d - Ice Form                       Ice/Transmutation            4
   e - Blade Hands                    Transmutation                5


   Skills:
 + Level 1.5 Fighting
 + Level 5.1 Dodging
 + Level 6.7 Stealth
 + Level 10.2 Unarmed Combat
 + Level 6.8 Spellcasting
 + Level 7.1 Transmutations
 + Level 3.6 Poison Magic


You had 4 spell levels left.
You knew the following spells:

 Your Spells              Type           Power        Failure   Level  Hunger
a - Beastly Appendage     Tmut           ####..       14%         1    None
b - Sticks to Snakes      Tmut           ####....     17%         2    None
c - Spider Form           Tmut/Pois      ###.......   32%         3    ##.....
d - Ice Form              Ice/Tmut       ###.....     77%         4    ####...
e - Blade Hands           Tmut           ####......   67%         5    #####..


Dungeon Overview and Level Annotations

Branches:
Dungeon (1/1)

Altars:
Cheibriados
Dithmenos
Elyvilon
Fedhas
Gozag
Hepliaklqana
Kikubaaqudgha
Makhleb
Nemelex Xobeh
Okawaru
Qazlal
Ru
Sif Muna
Trog
Uskayaw
Vehumet
Xom
Yredelemnul
Zin
The Shining One
Jiyva
Lugonu

Shops:
D ?

Annotations:
D Sonja


Innate Abilities, Weirdness & Mutations

You cannot wear most types of armour.
You are very stealthy in the water. (Stealth+)
You are amphibious.
You can wear up to eight rings at the same time.
You can use your tentacles to constrict eight enemies at once.
Your skin changes colour to match your surroundings (Stealth+).
Your rubbery body absorbs attacks. (AC +1, EV +1)


Message History

Unknown command.
You feel sick.
Sonja unwields an uncursed enchanted blowgun.
Sonja wields an uncursed short sword of venom.
It begins to drip with poison!
Sonja closely misses you.
Sonja hits you with an uncursed short sword of venom.
You are more poisoned.
Sonja hits you with an uncursed short sword of venom!
You are lethally poisoned!
Sonja hits you with an uncursed short sword of venom!
Sonja barely misses you. Sonja misses you.
You see here a curare-tipped needle.
You barely miss Sonja. Your grab misses Sonja. Your squeeze misses Sonja.
* * * LOW HITPOINT WARNING * * *
You feel very sick.
Sonja hits you with an uncursed short sword of venom!
* * * LOW HITPOINT WARNING * * *
You are more poisoned.
Sonja hits you with an uncursed short sword of venom.
You die...

######################
#<.#.)'..#.)'..#__#..+
#..').#..'..#..'..'..#
#..#####'#####'#__####
#..####..#...#[####
#..#__####..##.#
#..#_____##'#..+
#⌠⌠#_.∩..÷'.K._#
####_..__##S@#'#
#_____###'#.# #######
#.### +$.$+ #$.$#
##.## #+#


You could see Sonja and a friendly ball python.

Vanquished Creatures
  A slime creature (D)
  Sigmund (D)
  A yak (D)
  An ogre (D)
  A jelly (D)
  Ijyb (D)
6 creatures vanquished.

Vanquished Creatures (others)
  2 hornets (D)
2 creatures vanquished.

Grand Total: 8 creatures vanquished

Notes
Turn   | Place    | Note
-------+----------+-------------------------------------------
     0 | D        | poirepourri the Octopode Transmuter began the quest for the Orb.
     0 | D        | Reached XP level 1. HP: 13/13 MP: 3/3
     3 | D        | Noticed Ijyb
    14 | D        | Killed Ijyb
    14 | D        | Reached skill level 1 in Stealth
    14 | D        | Reached skill level 4 in Unarmed Combat
    14 | D        | Reached XP level 2. HP: 9/18 MP: 3/6
    14 | D        | Reached XP level 3. HP: 11/23 MP: 3/7
   142 | D        | Learned a level 2 spell: Sticks to Snakes
   146 | D        | Learned a level 3 spell: Spider Form
   519 | D        | Noticed an ogre
   528 | D        | Killed an ogre
   528 | D        | Reached skill level 6 in Unarmed Combat
   528 | D        | Reached skill level 1 in Poison Magic
   528 | D        | Reached XP level 4. HP: 3/28 MP: 6/10
   695 | D        | Killed a hornet
   821 | D        | Learned a level 4 spell: Ice Form
   822 | D        | Noticed Sigmund
   828 | D        | Killed Sigmund
   828 | D        | Reached skill level 8 in Unarmed Combat
   828 | D        | Reached skill level 5 in Spellcasting
   828 | D        | Reached skill level 5 in Transmutations
   828 | D        | Reached XP level 5. HP: 33/33 MP: 8/13
   828 | D        | Reached XP level 6. HP: 38/38 MP: 8/14
   900 | D        | Found a deep blue altar of Sif Muna.
   902 | D        | Found a radiant altar of Vehumet.
  1061 | D        | Found Myennolu's Magic Scroll Emporium.
  1061 | D        | Found an ancient bone altar of Kikubaaqudgha.
  1061 | D        | Found a hazy altar of Hepliaklqana.
  1061 | D        | Found a stormy altar of Qazlal.
  1061 | D        | Found a hide-covered altar of Uskayaw.
  1061 | D        | Found a blossoming altar of Fedhas.
  1061 | D        | Found a bloodstained altar of Trog.
  1061 | D        | Found an iron altar of Okawaru.
  1061 | D        | Found a basalt altar of Yredelemnul.
  1061 | D        | Found a glowing golden altar of the Shining One.
  1061 | D        | Found a snail-covered altar of Cheibriados.
  1061 | D        | Found a sacrificial altar of Ru.
  1061 | D        | Found a glowing silver altar of Zin.
  1061 | D        | Found a shadowy altar of Dithmenos.
  1061 | D        | Found a white marble altar of Elyvilon.
  1061 | D        | Noticed a yak
  1062 | D        | Found an opulent altar of Gozag.
  1064 | D        | Killed a hornet
  1071 | D        | Killed a yak
  1071 | D        | Reached skill level 5 in Dodging
  1071 | D        | Reached skill level 5 in Stealth
  1071 | D        | Reached skill level 9 in Unarmed Combat
  1071 | D        | Reached XP level 7. HP: 36/43 MP: 12/16
  1072 | D        | Found a sparkling altar of Nemelex Xobeh.
  1078 | D        | Became a worshipper of Warmaster Okawaru
  1130 | D        | Learned a level 5 spell: Blade Hands
  1135 | D        | Found a burning altar of Makhleb.
  1135 | D        | Found a viscous altar of Jiyva.
  1135 | D        | Found a shimmering altar of Xom.
  1135 | D        | Found a corrupted altar of Lugonu.
  1135 | D        | Noticed a slime creature
  1142 | D        | Killed a slime creature
  1142 | D        | Reached skill level 10 in Unarmed Combat
  1292 | D        | Noticed Sonja
  1297 | D        | HP: 2/43 [Sonja/uncursed short sword of venom (8)]
  1297 | D        | Slain by Sonja

Vault maps used:
D:        dungeon_sprint_1

Skill      XL: |  1  2  3  4  5  6  7 |
---------------+----------------------+-----
Stealth        | 1 2 4 5 6 |  6.7
Unarmed Combat | 4 6 8 9 10 | 10.2
Spellcasting   | 3 4 5 6 |  6.8
Transmutations | 3 4 5 6 7 |  7.1
Dodging        | 3 4 5 |  5.1
Poison Magic   | 1 2 3 |  3.6
Fighting       | |  1.5

Action                   |  1- 3 |  4- 6 |  7- 9 || total
-------------------------+-------+-------+-------++-------
Melee: Unarmed           |    13 |    15 |     7 ||    35
       Tentacles         |     4 |       |     1 ||     5
       Kick              |     4 |       |       ||     4
       Constrict         |     1 |       |       ||     1
 Cast: Beastly Appendage |     1 |     1 |       ||     2
       Spider Form       |     1 |     2 |       ||     3
       Sticks to Snakes  |       |       |     4 ||     4
       Blade Hands       |       |       |     2 ||     2
 Stab: Sleeping          |     1 |     3 |       ||     4
  Eat: Bread ration      |       |     1 |       ||     1
Armor: Skin              |     1 |     1 |       ||     2
Dodge: Dodged            |     6 |     8 |     9 ||    23
